[Event "*** SCC Grand Prix: Titled Tuesday Blitz"]
[Site "Chess.com"]
[Date "2020.10.06"]
[Round "4"]
[White "saraswathii"]
[Black "Gurvich_Vitaly"]
[Result "0-1"]
[WhiteElo "2372"]
[BlackElo "2629"]
[TimeControl "180+1"]
[EndTime "10:41:03 PDT"]
[Termination "Gurvich_Vitaly won by resignation"]

1. e4 c5 2. Nf3 Nc6 3. d3 d5 4. Nbd2 g6 5. g3 Bg7 6. Bg2 e6 7. O-O Nge7 8. c3 O-O 9. Qe2 a5 10. a4 b6 11. e5 Ba6 12. Re1 Rc8 13. Nf1 Qc7 14. Bf4 b5 15. axb5 Bxb5 16. h4 Qb7 17. h5 Rfd8 18. N1h2 Ba6 19. Ng4 Nf5 20. Nf6+ Bxf6 21.
exf6 Qb5 22. Rad1 Rd7 23. hxg6 hxg6 24. Ng5 Re8 25. Rd2 Qb6 26. g4 Nd6 27. Qf3 Qd8 28.
Be5 Nxe5 29. Rxe5 Bb7 30. d4 Nc4 31. Rde2 cxd4 32. cxd4 Bc6 33. Qf4 Nd6 34. Nf3 Ne4 35. g5 Rb7 36. Qh4 Rb3 37. Qh6 Nxf6 38. gxf6 Qxf6 39. Rh5 Qg7 40. Qxg7+ Kxg7 41. Rh3 Reb8 42. Ne5 Be8 43. Rxb3 Rxb3 44. Rd2 Bb5 45. Bf1 Be8 46. Nd3 a4 47. Nc5 Rb4 48. Be2 Kf6 49. Kf1 g5 50.
Ke1 Ke7 51. Kd1 f6 52. Kc1 Kd6 53. Bg4 e5 54. Nd3 Rxd4 55. Kc2 Bg6 56. Be2 Rc4+ 57. Kd1 Rh4 58. Nc1 d4 59. Bd3 Rh1+ 60. Kc2 Bf7 61.
b3 axb3+ 62. Nxb3 Bd5 63. Bf5 Rh8 64. Bd3 Rb8 65. Nc1 e4 66. Bf1 Ke5 67. Kd1 Rc8 68.
Bg2 f5 69. Ne2 d3 70. Nc1 g4 71. Bh1 Bc4 72. Bg2 Rh8 73. Bf1 Rh2 74. Ke1 f4 75. f3 Rxd2 76. Kxd2 e3+ 77. Kc3 d2 78. Be2 dxc1=Q+ 79. Kb4 Qd2+ 80. Kxc4 gxf3 81. Bxf3 Qf2 82. Kc5 e2+ 83.
Kc6 Qxf3+ 84. Kc7 Qe3 0-1

[Event "*** SCC Grand Prix: Titled Tuesday Blitz"]
[Site "Chess.com"]
[Date "2020.10.06"]
[Round "4"]
[White "barbara25"]
[Black "Oglob71"]
[Result "1/2-1/2"]
[WhiteElo "2333"]
[BlackElo "2497"]
[TimeControl "180+1"]
[EndTime "10:41:06 PDT"]
[Termination "Game drawn - insufficient material"]

1. e4 c5 2. Nf3 e6 3. g3 Nc6 4. Bg2 Nf6 5. d3 d5 6. exd5 Nxd5 7. O-O Be7 8. Re1 O-O 9. Nc3 Nxc3 10. bxc3 Qa5 11.
Bd2 Rd8 12. c4 Qc7 13. Bc3 b6 14. Nd2 Bb7 15. Qg4 Bf8 16. h4 Nd4 17. Bxd4 Rxd4 18. Qe2 Bxg2 19. Kxg2 Rad8 20. Nf3 g6 21. Nxd4 Rxd4 22.
Qf3 Bg7 23. a4 Rd8 24. Ra2 Bc3 25. Rb1 h5 26. Rb5 Qd6 27. a5 Bxa5 28. Raxa5 bxa5 29. Rxa5 Rd7 30. Qe3 Rc7 31. f3 Kg7 32. Qe4 Qb6 33. Rb5 Qd6 34. Ra5 Qc6 35. Qxc6 Rxc6 36. Rxa7 Rb6 37.
Rc7 Rb2 38. Rxc5 Rxc2+ 39. Kh3 Rc3 40. f4 Rxd3 41. Rc7 Rc3 42. Kg2 Kf6 43. Kh3 Rc2 44. Rc5 Kg7 45. Rc7 Kf8 46. Rc8+ Ke7 47. Rc7+ Kf6 48.
Rc5 Kg7 49. Rc7 Rd2 50. Rc6 Re2 51. Rc5 Kf8 52. Rc7 e5 53. fxe5 Rxe5 54. Rc8+ Kg7 55.
Rc6 Re2 56. Rc8 Rc2 57. Rc6 Rd2 58. Rc7 Kf6 59. Rc6+ Ke5 60. Rc7 f6 61. Rc6 Rc2 62. Rc8 Kf5 63. c5 Ke6 64. c6 Kf7 65. Rc7+ Ke6 66.
Rg7 Kf5 67. c7 g5 68. hxg5 fxg5 69. g4+ hxg4+ 70. Kg3 Rc3+ 71. Kg2 Kf6 72. Rd7 Kg6 73.
Kh2 Kf5 74. Kg2 Kf4 75. Rf7+ Ke5 76. Rg7 Kf6 77. Rd7 g3 78. Rh7 Kf5 79. Rd7 Kg4 80. Rd4+ Kh5 81. Rd7 Kh4 82. Rh7+ Kg4 83. Rd7 Rc2+ 84. Kg1 g2 85. Rd4+ Kf3 86. Rd3+ Kf4 87. Rd4+ Kg3 88. Rd3+ Kh4 89. Rd2 Rxc7 90. Kxg2 Rc4 91.
Ra2 Kg4 92. Rb2 Rd4 93. Ra2 Kh4 94. Rb2 g4 95. Ra2 Re4 96. Rb2 Kg5 97. Ra2 Kf4 98. Rb2 g3 99. Ra2 Kg4 100. Rb2 Rf4 101. Ra2 Rd4 102. Rb2 Kf4 103. Ra2 Rd3 104. Rb2 Re3 105. Ra2 Re4 106. Rb2 Ra4 107. Rc2 Rd4 108. Rb2 Re4 109. Ra2 Kg4 110. Rb2 Rf4 111. Ra2 Rc4 112. Rb2 Ra4 113. Rc2 Ra3 114. Rb2 Kf4 115. Rc2 Rb3 116. Rd2 Ke3 117. Ra2 Ke4 118. Rc2 Re3 119. Ra2 Rd3 120. Rb2 Kd4 121. Ra2 Re3 122. Rb2 Kc3 123. Rb8 Kd2 124. Rg8 Ke2 125. Rxg3 Rxg3+ 126. Kxg3 1/2-1/2

[Event "*** SCC Grand Prix: Titled Tuesday Blitz"]
[Site "Chess.com"]
[Date "2020.10.06"]
[Round "4"]
[White "hungrycaterpillar4"]
[Black "abhidabhi"]
[Result "0-1"]
[WhiteElo "2619"]
[BlackElo "2775"]
[TimeControl "180+1"]
[EndTime "10:41:08 PDT"]
[Termination "abhidabhi won by resignation"]

1. d4 Nf6 2. Bf4 b6 3. e3 Bb7 4. Nf3 c5 5. c3 g6 6. Nbd2 Bg7 7. h3 O-O 8. Bh2 d6 9. Be2 Nbd7 10. O-O a6 11. a4 Qc7 12. Re1 Rfe8 13. Rc1 Bc6 14.
Qb3 Qb7 15. Bc4 d5 16. Bf1 b5 17. axb5 Bxb5 18. Qc2 Bxf1 19. Rxf1 Rec8 20. Ra1 a5 21. Ne5 e6 22. Ndf3 Nb6 23. Ng5 cxd4 24. exd4 Rf8 25. Rfe1 Nfd7 26. h4 Nxe5 27. dxe5 Rfc8 28. h5 Qe7 29. Nf3 Nc4 30. b3 Nb6 31. Bf4 Nd7 32. h6 Bf8 33. Rec1 Nc5 34. Bg5 Qb7 35.
Rab1 Ne4 36. c4 Nxg5 37. Nxg5 Bxh6 38. f4 dxc4 39. bxc4 Qa7+ 40. c5 Bxg5 41. fxg5 Rc6 42. Rb5 Rac8 43. Qf2 a4 44. Qd2 a3 45. Ra5 Qe7 46. Rxa3 Rxc5 47. Re1 Rxe5 48. Rxe5 Qxa3 49. Re1 Qc5+ 50. Kh1 Qd5 51. Qf4 Qf5 52. Qe3 Qc5 53.
Qf4 Qc7 54. Qd2 Rd8 55. Qa2 Qd6 56. Qa1 Qd2 57. Rf1 Qxg5 58. Qa7 Qh4+ 59. Kg1 Qd4+ 60. Qxd4 Rxd4 61. Kf2 Kg7 62. Ke3 Rd5 63. Ra1 h5 64.
Kf4 Rf5+ 65. Kg3 Kf6 66. Kh4 Rf4+ 67. Kh3 g5 68. Ra3 h4 69. Ra8 Kf5 70. Rg8 f6 71. Re8 e5 72. Ra8 Rf1 73. Kh2 Kf4 74. Ra4+ e4 75.
Rb4 f5 76. Ra4 g4 77. g3+ hxg3+ 78. Kg2 Rf2+ 79. Kh1 Kf3 80. Ra3+ e3 81. Ra1 g2+ 82. Kh2 f4 83. Rg1 g3+ 84. Kh3 Rf1 0-1

[Event "*** SCC Grand Prix: Titled Tuesday Blitz"]
[Site "Chess.com"]
[Date "2020.10.06"]
[Round "4"]
[White "KuzubovYuriy"]
[Black "SilviusTiberius"]
[Result "1-0"]
[WhiteElo "2932"]
[BlackElo "2655"]
[TimeControl "180+1"]
[EndTime "10:41:21 PDT"]
[Termination "KuzubovYuriy won by resignation"]

1. d4 Nf6 2. Nf3 g6 3. Nbd2 c5 4. dxc5 Na6 5. e4 Nxc5 6. e5 Nd5 7. Nb3 Nxb3 8. axb3 Nb4 9. Bc4 Bg7 10. O-O O-O 11.
Bf4 b6 12. Qd2 a5 13. c3 Nc6 14. b4 Bb7 15. b5 Na7 16. Bd5 Qc8 17. Bxb7 Qxb7 18. c4 Rac8 19. b3 f6 20. Rfe1 fxe5 21. Bxe5 Bxe5 22. Nxe5 d6 23. Ng4 Rc5 24. Qd4 h5 25.
Ne3 Nc8 26. Nd5 Qd7 27. Qe4 Qf5 28. Qxf5 Rxf5 29. f3 Kf7 30. Nc3 e6 31. Kf2 Rc7 32. Rad1 d5 33. Ne2 dxc4 34. Nd4 cxb3 35. Nxf5 gxf5 36.
Rb1 Rc3 37. Re3 Rc2+ 38. Kf1 a4 39. Ke1 Nd6 40. Re2 Nc4 41. Rxc2 bxc2 42. Rc1 Na3 43. Kd2 Ke7 44. Kc3 Nxb5+ 45. Kc4 Nd6+ 46. Kb4 b5 47.
Rxc2 Kd7 48. f4 h4 49. Rc3 Ne4 50. Rh3 Kc6 51. Rxh4 Nc5 52. Rh6 Nd3+ 53. Ka3 Nxf4 54. g3 Nd5 55. Rxe6+ Kc5 56. Re5 Kd4 57. Rxf5 Ne3 58.
Rf4+ Kc3 59. h4 Nc4+ 60. Rxc4+ Kxc4 61. h5 b4+ 62. Kb2 a3+ 63. Ka2 b3+ 64. Kxa3 Kc3 65. h6 b2 66. h7 b1=Q 67. h8=Q+ Kd2 68. Qh6+ Ke2 69. Qf4 Qa1+ 70. Kb4 Qe1+ 71. Kc4 Qb1 72. Kd5 Qb5+ 73. Ke6 Qe8+ 74. Kf5 Qd7+ 75. Kg5 Qg7+ 76. Kh4 Qh7+ 77. Kg4 Qg7+ 78. Kh3 Qh7+ 79. Qh4 Qd7+ 80. Qg4+ Qxg4+ 81. Kxg4 Ke3 82. Kh5 Ke4 83. g4 Ke5 84. g5 Ke6 85. g6 Ke7 86. Kh6 Kf8 87. Kh7 Ke7 88. g7 1-0

[Event "*** SCC Grand Prix: Titled Tuesday Blitz"]
[Site "Chess.com"]
[Date "2020.10.06"]
[Round "4"]
[White "bratkoo"]
[Black "flexova"]
[Result "0-1"]
[WhiteElo "2549"]
[BlackElo "2397"]
[TimeControl "180+1"]
[EndTime "10:41:44 PDT"]
[Termination "flexova won by checkmate"]

1. Nf3 Nf6 2. g3 g6 3. Bg2 Bg7 4. O-O O-O 5. a4 d5 6. a5 c5 7.
d4 c4 8. Nbd2 Nc6 9. b3 cxb3 10.
Nxb3 Bf5 11. Bb2 b6 12. Ne5 Rc8 13. c4 Nb4 14. Qd2 Nc2 15. c5 Nxa1 16. Rxa1 Ne4 17.
Qb4 bxa5 18. Rxa5 Rb8 19. Qa4 Rxb3 20. Nc6 Rxb2 21. Nxd8 Rb1+ 22. Bf1 Bh3 23. Qa1 Rxa1 24. Rxa1 Bxf1 25. Nc6 Bxe2 26. Rxa7 Bf6 27. Nxe7+ Bxe7 28. Rxe7 Bb5 29. Rb7 Ba4 30. f3 Nc3 31. Kf2 Rc8 32.
Rb4 Kf8 33. Ke3 Bd7 34. Rb7 Ke7 35. Kf4 f6 36. g4 Kd8 37. g5 fxg5+ 38. Kxg5 Ne2 39.
Kf6 Nxd4 40. Ke5 Nxf3+ 41. Kd6 Rc6+ 42. Kxd5 Ra6 43. Rb8+ Kc7 44. Rh8 Bc6+ 45. Ke6 Bd7+ 46. Kd5 Ra2 47. Rxh7 Rxh2 48. Rg7 g5 49. c6 Rd2+ 50.
Ke4 Kxc6 51. Kxf3 g4+ 52. Kf4 Rd5 53. Ke4 Rb5 54. Rg6+ Kc7 55. Kf4 Kd8 56. Rg7 Rb4+ 57. Ke5 Rb3 58. Kd6 Be8 59. Rxg4 Rd3+ 60. Ke5 Re3+ 61.
Kd4 Re6 62. Rg5 Bd7 63. Rg8+ Kc7 64. Rg7 Kd6 65. Rg4 Rh6 66. Rf4 Be6 67. Ke4 Bd5+ 68.
Kd4 Rg6 69. Rh4 Be6 70. Ke4 Rg5 71. Kf4 Rf5+ 72. Ke4 Rb5 73. Rh2 Rb4+ 74. Kd3 Kd5 75. Rh5+ Kd6 76. Ra5 Bd5 77. Ra1 Ke5 78. Re1+ Be4+ 79.
Kc3 Ra4 80. Rd1 Ra3+ 81. Kc4 Ra4+ 82. Kc5 Ra7 83. Rd8 Rc7+ 84. Kb6 Rc6+ 85. Kb5 Bd5 86. Kb4 Kd4 87. Rh8 Rb6+ 88. Ka3 Bc4 89. Rh4+ Kc3 90. Rh3+ Bd3 91. Rh4 Ra6+ 92. Ra4 Rb6 93. Ra8 Rb1 94. Ka2 Rb5 95. Ka3 Bc4 96. Ka4 Rb1 97. Ka5 Ra1+ 98. Kb6 Rxa8 99. Kb7 Ra3 100. Kc7 Kb4 101. Kc6 Bb5+ 102. Kd6 Rd3+ 103. Ke5 Kc5 104. Ke4 Rd8 105. Ke5 Re8+ 106. Kf6 Kd5 107. Kf7 Re2 108. Kf6 Bc6 109. Kf7 Kd6 110. Kf6 Bd5 111. Kg5 Rf2 112. Kg4 Ke5 113. Kg3 Rg2+ 114. Kh3 Rg8 115. Kh2 Kf4 116. Kh3 Rg1 117. Kh2 Rh1# 0-1

[Event "*** SCC Grand Prix: Titled Tuesday Blitz"]
[Site "Chess.com"]
[Date "2020.10.06"]
[Round "4"]
[White "olksuna"]
[Black "TomasKapitanchuk"]
[Result "1-0"]
[WhiteElo "2628"]
[BlackElo "2397"]
[TimeControl "180+1"]
[EndTime "10:41:46 PDT"]
[Termination "olksuna won by checkmate"]

1. Nf3 Nf6 2. g3 b6 3. Bg2 Bb7 4. O-O e6 5. c4 Be7 6. d4 O-O 7. Nc3 d6 8. Qc2 Nbd7 9. e4 e5 10. b3 exd4 11. Nxd4 Re8 12. Bb2 Bf8 13. Rae1 Qc8 14.
Nd5 c6 15. Nxf6+ Nxf6 16. Nf5 Qd8 17. Rd1 Ng4 18. h3 Ne5 19. f4 Ng6 20. h4 h6 21.
h5 Nh8 22. Kh2 Qc7 23. Qe2 Kh7 24. Qc2 Kg8 25. Rd2 Rad8 26. Rfd1 Bc8 27. Ne3 f6 28. Bf3 Nf7 29. Kg2 Qd7 30. Bg4 Qc7 31. Bxc8 Qxc8 32. Nf5 Qe6 33. Kf3 d5 34. cxd5 cxd5 35.
Rxd5 Rc8 36. Qd3 Red8 37. g4 Rxd5 38. exd5 Qd7 39. Rd2 Bd6 40. Re2 Qb7 41. Qe4 Bf8 42.
Qe6 Rd8 43. Rd2 Qd7 44. Qxd7 Rxd7 45. Bc3 Nd6 46. Nxd6 Bxd6 47. Ke4 Kf7 48. Kf5 Re7 49. Bd4 Re1 50. Rc2 Rf1 51. Be3 Rf3 52. Re2 Rf1 53. Bd2 Rd1 54. a4 Rb1 55. Re3 Rd1 56. Bc3 Rb1 57.
Bd4 Rf1 58. Re4 Rd1 59. Be3 Rb1 60. Rc4 Rxb3 61. Bd4 Rf3 62. Bb2 Rf2 63. Bc3 Rf1 64.
Bb2 Rf3 65. Ba1 Bc5 66. Bd4 Bd6 67. Bc3 Rf2 68. Ba1 Rf1 69. Bc3 Rd1 70. Ke4 Rf1 71. Kd3 Rxf4 72. Rc6 Ke7 73. Rc8 Kd7 74. Ra8 Rxg4 75. Rxa7+ Kd8 76. Bd4 Bc5 77. Bxc5 bxc5 78. a5 Ra4 79. a6 f5 80. Ra8+ Kd7 81. a7 Kd6 82. Rd8+ Ke5 83. a8=Q Rxa8 84. Rxa8 Kxd5 85.
Rg8 Ke6 86. Rxg7 Ke5 87. Rg6 f4 88. Rxh6 c4+ 89. Ke2 Ke4 90. Re6+ Kf5 91. Re8 Kg5 92. Kf3 Kxh5 93. Rc8 c3 94. Rc4 Kg5 95. Rxc3 Kf5 96. Rc4 Ke5 97. Rxf4 Kd5 98. Re4 Kd6 99. Kf4 Kd7 100.
Kf5 Kd6 101. Re5 Kd7 102. Re6 Kc7 103. Ke5 Kd7 104. Kd5 Kc7 105. Re7+ Kc8 106. Kd6 Kd8 107. Rh7 Ke8 108. Ra7 Kf8 109. Ke6 Kg8 110. Kf6 Kh8 111. Kg6 Kg8 112. Ra8# 1-0

[Event "*** SCC Grand Prix: Titled Tuesday Blitz"]
[Site "Chess.com"]
[Date "2020.10.06"]
[Round "4"]
[White "Tash_Boy"]
[Black "KarstenHansch"]
[Result "0-1"]
[WhiteElo "2659"]
[BlackElo "2491"]
[TimeControl "180+1"]
[EndTime "10:43:40 PDT"]
[Termination "KarstenHansch won by checkmate"]

1. e4 c6 2. d4 d5 3. exd5 cxd5 4. Nf3 Nc6 5. Bb5 Bg4 6. Qd3 Bxf3 7. Qxf3 e6 8. c3 Nf6 9. O-O Bd6 10. Re1 Qc7 11.
g3 O-O 12. Nd2 e5 13. dxe5 Nxe5 14. Qg2 Qb6 15. Bf1 Rfe8 16. Nb3 Nc4 17. Bg5 Ne4 18. Bxc4 dxc4 19. Rxe4 cxb3 20. axb3 Qxb3 21. Rxa7 Qxb2 22. Rxe8+ Rxe8 23. Qxb7 Qxb7 24. Rxb7 h6 25. Be3 Rc8 26. Bd4 Bc5 27. Be5 f6 28. Bc7 Kh7 29. Kg2 Kg6 30. Kf3 h5 31. Bf4 Rd8 32. Rc7 Rd3+ 33. Ke2 Rxc3 34.
Kd2 Rc4 35. Kd3 Rd4+ 36. Kc3 Bb6 37. Rb7 Rxf4 38. gxf4 Bxf2 39. Rb5 Bg1 40. Kd3 Bxh2 41. Ke4 h4 42. Rb1 Bg3 43. Kf3 Kh5 44. Rb8 Kg6 45.
Kg4 f5+ 46. Kf3 Kf6 47. Rb6+ Kf7 48. Rb5 g6 49. Ra5 Kf6 50. Ra7 Ke6 51. Rh7 Kf6 52.
Rh8 Kg7 53. Re8 Kf7 54. Rc8 Kg7 55. Rc6 Kh6 56. Rc4 Kh5 57. Rc8 Kh6 58. Rc7 Be1 59.
Re7 Bg3 60. Rd7 g5 61. Rd6+ Kh5 62. Rd5 Bxf4 63. Rxf5 Bg3 64. Rb5 Kg6 65. Kg4 Bf4 66. Rb6+ Kf7 67. Rb7+ Ke6 68. Rb5 Kd6 69. Ra5 Kc6 70. Rf5 Kd6 71. Rb5 Kc6 72. Ra5 Kb6 73.
Rf5 Kc6 74. Kf3 Kd6 75. Kg4 Ke6 76. Rf8 Ke5 77. Re8+ Kd5 78. Re7 Kd4 79. Re1 Kd3 80. Re7 Kd2 81. Kf3 h3 82. Rh7 h2 83. Kg2 Ke3 84. Re7+ Kd4 85. Re8 Be5 86. Rg8 Bf4 87. Rf8 Ke4 88. Re8+ Kf5 89. Rg8 Kg4 90. Rf8 Be5 91. Re8 Kf5 92. Rg8 g4 93. Rf8+ Ke4 94. Re8 g3 95. Rg8 Kf5 96. Re8 Ke4 97. Re7 Kd5 98. Rf7 Ke4 99. Rf3 Bf4 100. Rb3 Be5 101. Rb4+ Kf5 102. Ra4 Kg5 103. Ra1 Bf4 104. Kf3 Bd6 105.
Ra5+ Kf6 106. Kg2 Be5 107. Ra4 Kf5 108. Rb4 Ke6 109.
Rb1 Kd5 110. Kf3 Bd6 111. Rd1+ Ke6 112. Re1+ Kf5 113. Rd1 Be5 114. Rf1 Ke6 115. Kg2 Kd5 116. Re1 Kd4 117. Rd1+ Ke4 118. Re1+ Kf5 119. Kf3 Bd6 120. Rb1 Be5 121. Rc1 Kg5 122. Re1 Bd6 123. Rd1 Bc7 124. Kg2 Kg4 125. Rd5 Bf4 126. Rc5 Be3 127. Rc6 Bf2 128. Rc4+ Kf5 129. Rb4 Ke5 130. Ra4 Kd5 131. Rg4 Ke5 132. Rh4 Kf5 133. Rh8 Kg5 134. Kf3 Kf5 135. Rf8+ Kg6 136. Rg8+ Kh7 137. Kg2 Kxg8 138. Kh1 Kf7 139. Kg2 Kf6 140. Kh1 Kf5 141. Kg2 Kf4 142. Kh1 Ba7 143. Kg2 Bb8 144. Kh1 Kg4 145. Kg2 Bc7 146. Kh1 Bd8 147. Kg2 h1=Q+ 148. Kxh1 Kh3 149. Kg1 Bb6+ 150. Kh1 g2# 0-1

[Event "*** SCC Grand Prix: Titled Tuesday Blitz"]
[Site "Chess.com"]
[Date "2020.10.06"]
[Round "5"]
[White "PhileKhoob"]
[Black "Grandelicious"]
[Result "0-1"]
[WhiteElo "2463"]
[BlackElo "2787"]
[TimeControl "180+1"]
[EndTime "10:51:51 PDT"]
[Termination "Grandelicious won by resignation"]

1. Nf3 c5 2. b3 Nc6 3. Bb2 d6 4. g3 e5 5. d3 g6 6. Bg2 Bg7 7. Nbd2 Nge7 8. e4 O-O 9. O-O f5 10. Nh4 f4 11. a4 g5 12. Nhf3 g4 13. Ne1 f3 14. Bh1 Nd4 15. Bxd4 cxd4 16. Nc4 Be6 17. c3 d5 18. exd5 Nxd5 19. cxd4 Nc3 0-1

[Event "*** SCC Grand Prix: Titled Tuesday Blitz"]
[Site "Chess.com"]
[Date "2020.10.06"]
[Round "5"]
[White "ferch1ni"]
[Black "IsaacWiebe"]
[Result "1-0"]
[WhiteElo "2371"]
[BlackElo "2218"]
[TimeControl "180+1"]
[EndTime "10:52:03 PDT"]
[Termination "ferch1ni won by resignation"]

1. e4 e6 2. d4 d5 3. e5 c5 4. c3 Nc6 5. Nf3 Bd7 6. a3 f6 7. exf6 Nxf6 8. b4 cxd4 9. cxd4 Bd6 10. Bd3 e5 11. dxe5 Nxe5 12. Nxe5 Bxe5 13. Ra2 O-O 14. O-O Bg3 1-0

[Event "*** SCC Grand Prix: Titled Tuesday Blitz"]
[Site "Chess.com"]
[Date "2020.10.06"]
[Round "5"]
[White "underthebridge1999"]
[Black "Inga83"]
[Result "0-1"]
[WhiteElo "2250"]
[BlackElo "2411"]
[TimeControl "180+1"]
[EndTime "10:52:07 PDT"]
[Termination "Inga83 won by resignation"]

1. e4 c6 2. d4 d5 3. e5 Bf5 4. Be3 e6 5. Nd2 Qb6 6. Nb3 a5 7. a4 Na6 8. Nf3 Nb4 9. Rc1 h6 10. c3 Nd3+ 11. Bxd3 Bxd3 12. Qxd3 Qxb3 13. Qc2 Qc4 14. Qb3 Qxb3 15. O-O Qxa4 16. Nd2 Qb5 17. c4 Qa6 18. cxd5 exd5 19. Ra1 Bb4 20. Nb3 Ne7 21. Nc5 Bxc5 22. dxc5 Qb5 23. b4 a4 0-1

[Event "*** SCC Grand Prix: Titled Tuesday Blitz"]
[Site "Chess.com"]
[Date "2020.10.06"]
[Round "5"]
[White "DrMamaliga"]
[Black "Gerodot71"]
[Result "1-0"]
[WhiteElo "2345"]
[BlackElo "2465"]
[TimeControl "180+1"]
[EndTime "10:52:32 PDT"]
[Termination "DrMamaliga won by resignation"]

1. e4 e5 2. Nf3 Nc6 3. Bc4 Nf6 4.
d3 h6 5. O-O d6 6. c3 g6 7. d4 Qe7 8. Re1 Bg7 9. dxe5 Nxe5 10. Nxe5 Qxe5 11. Nd2 Ng4 12. Nf3 Qc5 13. Qe2 Nxf2 14.
Be3 Nh3+ 15. gxh3 Qc6 16. Bb5 1-0

[Event "*** SCC Grand Prix: Titled Tuesday Blitz"]
[Site "Chess.com"]
[Date "2020.10.06"]
[Round "5"]
[White "Sergienko_Sergey"]
[Black "MasterSonnevanck23"]
[Result "1-0"]
[WhiteElo "2362"]
[BlackElo "2351"]
[TimeControl "180+1"]
[EndTime "10:52:32 PDT"]
[Termination "Sergienko_Sergey won by resignation"]

1. e4 d6 2. d4 Nf6 3. Nc3 g6 4.
f4 Bg7 5. Nf3 O-O 6. Bd3 Nc6 7.
e5 dxe5 8. dxe5 Nd5 9. Nxd5 Qxd5 10. Qe2 Bg4 11. Be4 Qa5+ 12. Bd2 Qb6 13. Bc3 Rad8 14. h3 Bxf3 15. Qxf3 Nd4 16. Qf2 c5 17. O-O Ne2+ 18. Qxe2 1-0

[Event "*** SCC Grand Prix: Titled Tuesday Blitz"]
[Site "Chess.com"]
[Date "2020.10.06"]
[Round "5"]
[White "Koksik_13"]
[Black "Balla_Tamas"]
[Result "1-0"]
[WhiteElo "2665"]
[BlackElo "2435"]
[TimeControl "180+1"]
[EndTime "10:52:41 PDT"]
[Termination "Koksik_13 won by resignation"]

1. d4 Nf6 2. Nc3 d5 3. Bf4 e6 4. Nb5 Na6 5. e3 c6 6. Nc3 Nc7 7. Qf3 Bd6 8. Bxd6 Qxd6 9. Qg3 Qxg3 10. hxg3 O-O 11. Nf3 b6 12. Ne5 c5 13. O-O-O Ba6 14.
Bxa6 Nxa6 15. g4 h6 16. f4 Nb8 17. g5 hxg5 18. fxg5 Nfd7 19. Rh4 Nxe5 20. dxe5 Re8 21. Nb5 Na6 22. Nd6 Red8 23. Rdh1 Kf8 24. Rf4 f5 25. gxf6 1-0

[Event "*** SCC Grand Prix: Titled Tuesday Blitz"]
[Site "Chess.com"]
[Date "2020.10.06"]
[Round "5"]
[White "Happy1712Drummer"]
[Black "IngOscarArdila"]
[Result "1-0"]
[WhiteElo "2398"]
[BlackElo "2120"]
[TimeControl "180+1"]
[EndTime "10:52:58 PDT"]
[Termination "Happy1712Drummer won by checkmate"]

1. d4 Nf6 2. Nf3 g6 3. e3 Bg7 4.
c4 d6 5. Be2 Nbd7 6. O-O O-O 7.
Nc3 a5 8. b3 c6 9. Qc2 Qc7 10. a4 e5 11. Ba3 Re8 12. Rfd1 exd4 13. Nxd4 Nc5 14. Bf3 Bd7 15. Rd2 Rad8 16. Rad1 Bc8 17. Ncb5 cxb5 18. Nxb5 Qb8 19. Nxd6 Rxd6 20. Rxd6 Nce4 21. Rd8 Qc7 22. Rxe8+ Nxe8 23. Qxe4 Be5 24.
g3 Nf6 25. Qd3 Bf5 26. Qd8+ Kg7 27. Qf8# 1-0

[Event "*** SCC Grand Prix: Titled Tuesday Blitz"]
[Site "Chess.com"]
[Date "2020.10.06"]
[Round "5"]
[White "Emp3rador"]
[Black "QuintilianoR"]
[Result "0-1"]
[WhiteElo "2418"]
[BlackElo "2583"]
[TimeControl "180+1"]
[EndTime "10:53:04 PDT"]
[Termination "QuintilianoR won by resignation"]

1. e4 e6 2. d4 d5 3. Nc3 Nf6 4.
Bg5 dxe4 5. Nxe4 Be7 6. Bxf6 Bxf6 7. Nf3 O-O 8. h4 Nd7 9. Bd3 c5 10. Nfg5 h6 11. Nh7 Re8 12. Nhxf6+ Nxf6 13. Nxc5 e5 14. O-O Qxd4 15. Nb3 Qxh4 16. Bb5 Ng4 0-1

[Event "*** SCC Grand Prix: Titled Tuesday Blitz"]
[Site "Chess.com"]
[Date "2020.10.06"]
[Round "5"]
[White "FMKonstantin_Twitch"]
[Black "W_Amadeus"]
[Result "1/2-1/2"]
[WhiteElo "2561"]
[BlackElo "2718"]
[TimeControl "180+1"]
[EndTime "10:53:09 PDT"]
[Termination "Game drawn by repetition"]

1. e4 c6 2. Nf3 d5 3. Nc3 dxe4 4. Nxe4 Nf6 5. Qe2 Nxe4 6. Qxe4 Qa5 7. Bc4 Bf5 8. Qf4 e6 9. c3 Nd7 10. O-O Be7 11. d4 O-O 12. Qg3 Nf6 13. Ne5 Qd8 14.
Bh6 Nh5 15. Qf3 Nf6 16. Qg3 Nh5 17. Qf3 Nf6 18. Qg3 1/2-1/2

[Event "*** SCC Grand Prix: Titled Tuesday Blitz"]
[Site "Chess.com"]
[Date "2020.10.06"]
[Round "5"]
[White "nelsoncopa"]
[Black "andrzej"]
[Result "0-1"]
[WhiteElo "1665"]
[BlackElo "2316"]
[TimeControl "180+1"]
[EndTime "10:53:16 PDT"]
[Termination "andrzej won by resignation"]

1. d4 Nf6 2. c4 g6 3. Nc3 Bg7 4. Nf3 O-O 5. e3 c5 6. d5 e6 7. dxe6 fxe6 8. Be2 Nc6 9. a3 d5 10.
cxd5 exd5 11. O-O Kh8 12. Bd2 d4 13. exd4 cxd4 14. Nb5 d3 15. Bxd3 Qxd3 16. Nc7 Rb8 17. Bc3 Qd8 18. Nb5 Bg4 19. Qc2 Bxf3 20. gxf3 Qd5 21.
Nc7 Qxf3 22. Ne6 Rfe8 23. Nxg7 Re4 0-1

[Event "*** SCC Grand Prix: Titled Tuesday Blitz"]
[Site "Chess.com"]
[Date "2020.10.06"]
[Round "5"]
[White "Forantes"]
[Black "Gusarov91"]
[Result "0-1"]
[WhiteElo "2423"]
[BlackElo "2586"]
[TimeControl "180+1"]
[EndTime "10:53:22 PDT"]
[Termination "Gusarov91 won by resignation"]

1. Nf3 d5 2. g3 c6 3. Bg2 Nf6 4. O-O Bg4 5. d4 Nbd7 6. c4 e6 7. Qb3 Qb6 8. c5 Qxb3 9. axb3 Bxf3 10. Bxf3 a6 11. Nc3 e5 12. e3 Be7 13. b4 O-O 14.
Bd2 Rac8 15. Rfe1 Rfe8 16. Bg2 Bd8 17. Rad1 Bc7 18. Bc1 h5 19. Bh3 Rcd8 20. b3 Nf8 21. Ne2 Ne6 22. Bb2 e4 23. Bxe6 fxe6 24. Nf4 g5 25. Ng2 Kg7 26. Rf1 h4 27. Rfe1 h3 0-1

[Event "*** SCC Grand Prix: Titled Tuesday Blitz"]
[Site "Chess.com"]
[Date "2020.10.06"]
[Round "5"]
[White "Evachess2006"]
[Black "VladimirBugayev"]
[Result "0-1"]
[WhiteElo "1628"]
[BlackElo "2307"]
[TimeControl "180+1"]
[EndTime "10:53:27 PDT"]
[Termination "VladimirBugayev won on time"]

1. e4 c6 2. d4 d5 3. exd5 cxd5 4. Bd3 Nc6 5. c3 Nf6 6. Bf4 Bg4 7. Nf3 e6 8. Nbd2 Bd6 9. Bg3 O-O 10. O-O Rc8 0-1

[Event "*** SCC Grand Prix: Titled Tuesday Blitz"]
[Site "Chess.com"]
[Date "2020.10.06"]
[Round "5"]
[White "gagtemp"]
[Black "AndreyNeves"]
[Result "0-1"]
[WhiteElo "1950"]
[BlackElo "2220"]
[TimeControl "180+1"]
[EndTime "10:53:42 PDT"]
[Termination "AndreyNeves won by resignation"]

1. e4 e5 2. Nf3 Nc6 3. Bc4 Nf6 4. d3 Bc5 5. O-O d6 6. a4 a6 7. Re1 h6 8. c3 Ba7 9. Nbd2 g5 10. Nf1 Be6 11.
Ne3 Qd7 12. Nd5 Bxd5 13. Bxd5 Nxd5 14. exd5 Ne7 15. c4 O-O 16. d4 f6 17. dxe5 fxe5 18.
Qd3 Qf5 19. Qxf5 Rxf5 20. b3 Raf8 21. Ra2 g4 22. Nh4 Rxf2 23. Rxf2 Bxf2+ 0-1

[Event "*** SCC Grand Prix: Titled Tuesday Blitz"]
[Site "Chess.com"]
[Date "2020.10.06"]
[Round "5"]
[White "ViktoriyaTarasova"]
[Black "Khnykin_Nikolay"]
[Result "1-0"]
[WhiteElo "2269"]
[BlackElo "2049"]
[TimeControl "180+1"]
[EndTime "10:53:46 PDT"]
[Termination "ViktoriyaTarasova won on time"]

1. d4 e6 2. c4 b6 3. Nc3 Bb7 4. e4 Nf6 5. f3 d6 6. Bd3 Be7 7.
Nge2 Nbd7 8. O-O O-O 9. Be3 c5 10. Qd2 Rc8 11. Rac1 Qc7 12. d5 e5 13. Ng3 a6 14.
Nf5 Qd8 15. g4 Ne8 16. Kh1 1-0

[Event "*** SCC Grand Prix: Titled Tuesday Blitz"]
[Site "Chess.com"]
[Date "2020.10.06"]
[Round "5"]
[White "Region_07"]
[Black "tmr88"]
[Result "1-0"]
[WhiteElo "2375"]
[BlackElo "2118"]
[TimeControl "180+1"]
[EndTime "10:53:47 PDT"]
[Termination "Region_07 won by checkmate"]

1. d4 Nf6 2. Bg5 Ne4 3. h4 d5 4. e3 c5 5. Nd2 Nc6 6. Nxe4 dxe4 7. c3 Qb6 8. Qb3 Be6 9. Qb5 cxd4 10. exd4 Qxb5 11.
Bxb5 Rc8 12. Ne2 a6 13. Ba4 b5 14. Bb3 Bf5 15. Ng3 e6 16. d5 Na5 17. dxe6 fxe6 18. Nxf5 exf5 19. Be6 Rc5 20. O-O-O Re5 21. Rd8# 1-0

[Event "*** SCC Grand Prix: Titled Tuesday Blitz"]
[Site "Chess.com"]
[Date "2020.10.06"]
[Round "5"]
[White "DamianoLew95"]
[Black "Fandorine"]
[Result "0-1"]
[WhiteElo "2540"]
[BlackElo "2870"]
[TimeControl "180+1"]
[EndTime "10:53:48 PDT"]
[Termination "Fandorine won by resignation"]

1. c4 g6 2. d4 Bg7 3. g3 Nf6 4. Bg2 O-O 5. e4 d6 6. Ne2 a5 7. O-O Na6 8. Nbc3 c6 9. Bf4 Nd7 10. Qd2 Nc7 11. Bh6 Bxh6 12. Qxh6 e5 13. Rad1 Qe7 14.
f4 exd4 15. Nxd4 Nf6 16. h3 Re8 17. e5 dxe5 18. fxe5 Qxe5 19. Rfe1 Qxg3 20. Rxe8+ Ncxe8 21. Nxc6 bxc6 22. Rd8 Bxh3 23. Rxe8+ Rxe8 0-1